Map: Cerulean Fall LE

Players

Woogie - Winner!

  • Race: Zerg Zerg
  • League: Diamond
  • Spawn Location: 1:00

etmajo

  • Race: Protoss Protoss
  • League: Diamond
  • Spawn Location: 7:00

VOD

Have the link to the VOD?

Description

Another LingBaneDrop successful.

Time

  • Played on: Sept. 17, 2018, 2 p.m.
  • Length: 13:29
Show
View Real Time Build Order
Export as new Build Order

Woogie Zerg - Winner!

Build Orders: Pool First 

Get SALT Encoding   

  12  0:01  Drone  
  13  0:12  Overlord  
  13  0:17  Drone  
  14  0:31  Drone x2  
  16  0:37  Drone  
  17  0:47  Spawning Pool  
  17  0:49  Drone  
  17  0:52  Extractor  
  17  0:56  Drone  
  17  1:17  Hatchery  
  16  1:22  Drone x2  
  18  1:28  Drone  
  19  1:39  Queen  
  21  1:42  Zergling x2  
  22  1:49  Overlord  
  22  2:01  Metabolic Boost  
  22  2:12  Drone x2  
  24  2:15  Queen  
  26  2:26  Zergling x2  
  27  2:40  Drone x3  
  30  2:50  Baneling Nest  
  29  2:53  Queen x2  
  29  2:57  Overlord  
  33  3:19  Zergling x12  
  38  3:37  Drone x5  
  43  3:49  Hatchery  
  42  3:57  Overlord x2  
  42  3:58  Drone x2  
  42  4:02  Lair  
  44  4:08  Evolution Chamber  
  43  4:21  Drone x2  
  43  4:23  Drone x2  
  47  4:25  Drone x3  
  47  4:26  Drone x2  
  47  4:29  Drone  
  47  4:30  Extractor  
  47  4:31  Extractor  
  51  4:38  Spore Crawler  
  50  4:42  Zerg Melee Weapons Level 1, Spore Crawler  
  50  4:44  Drone  
  51  4:45  Drone  
  51  4:54  Pneumatized Carapace  
  51  5:19  Drone x5  
  56  5:25  Zergling x6  
  56  5:26  Zergling x12  
  65  5:40  Overseer  
  57  6:27  Roach Warren  
  57  6:28  Drone x2  
  57  6:39  Drone x2  
  56  6:42  Hatchery  
  55  7:00  Overlord x4  
  55  7:01  Overlord x2  
  55  7:03  Zerg Missile Weapons Level 1  
  55  7:04  Spine Crawler  
  54  7:20  Roach  
  54  7:21  Roach x8  
  54  7:22  Glial Reconstitution  
  72  7:27  Queen x2  
  72  7:29  Roach x2  
  80  7:42  Spore Crawler  
  76  7:56  Zergling x10  
  69  8:17  Zergling x12  
  71  8:35  Hatchery  
  70  8:45  Roach x5  
  70  8:46  Hatchery  
  79  8:49  Hydralisk Den  
  79  8:50  Evolution Chamber, Tunneling Claws  
  79  8:52  Burrow  
  77  9:16  Baneling x4  
  77  9:22  Overlord  
  77  9:23  Overlord  
  77  9:24  Roach x4  
  85  9:33  Infestation Pit  
  83  9:49  Hydralisk  
  83  9:50  Hydralisk x6  
  83  9:52  Grooved Spines  
  97  9:54  Zerg Ground Armor Level 1, Zerg Missile Weapons Level 2  
  96  10:15  Drone x5  
  96  10:16  Drone x7  
  107  10:34  Extractor  
  105  10:38  Extractor  
  103  10:46  Baneling x4  
  103  10:49  Drone x4  
  108  10:50  Drone x4, Hydralisk x4  
  108  10:53  Overlord x6  
  119  11:00  Hive  
  119  11:03  Muscular Augments  
  119  11:34  Hydralisk  
  119  11:35  Hydralisk x11  
  139  12:07  Roach x8  
  139  12:08  Roach x4  
  163  12:14  Overlord  
  163  12:15  Overlord x4  
  163  12:24  Spire  
  150  12:50  Hydralisk  
  150  12:51  Hydralisk x9  
Show
View Real Time Build Order
Export as new Build Order

etmajo Protoss 

Build Orders: 1 Gate Expand, Zealot Archon, Dark Templar Rush 

Get SALT Encoding   

  12  0:00  Probe  
  13  0:12  Probe  
  14  0:19  Pylon  
  14  0:25  Probe  
  15  0:34  Probe  
  15  0:39  Gateway  
  16  0:43  Probe  
  16  0:49  Assimilator  
  17  0:51  Probe  
  18  1:03  Probe  
  19  1:15  Probe  
  20  1:26  Nexus  
  20  1:30  Probe  
  21  1:40  Cybernetics Core  
  22  1:48  Assimilator  
  21  1:55  Pylon  
  21  2:00  Warp Gate  
  23  2:08  Adept  
  23  2:13  Probe  
  23  2:25  Probe  
  23  2:28  Twilight Council  
  24  2:36  Stalker  
  26  2:37  Probe  
  27  2:49  Probe  
  27  2:50  Probe  
  29  2:57  Robotics Facility  
  29  3:02  Probe x2  
  29  3:05  Shield Battery  
  31  3:14  Probe x2  
  33  3:28  Probe x2  
  35  3:35  Dark Shrine  
  35  3:39  Gateway  
  35  3:40  Probe  
  35  3:41  Probe  
  35  3:51  Shield Battery  
  35  3:52  Warp Prism, Pylon  
  37  3:56  Probe  
  37  3:59  Probe  
  39  4:03  Sentry  
  39  4:08  Probe  
  42  4:11  Probe  
  42  4:12  Gateway  
  43  4:20  Probe  
  43  4:23  Probe  
  45  4:27  Gateway  
  45  4:29  Immortal  
  49  4:34  Probe  
  49  4:35  Probe  
  51  4:39  Assimilator  
  51  4:40  Pylon  
  51  4:55  Dark Templar  
  53  5:00  Dark Templar  
  53  5:03  Probe x2  
  57  5:10  Dark Templar  
  59  5:23  Probe  
  61  5:34  Dark Templar  
  61  5:56  Pylon  
  61  5:59  Pylon  
  42  6:31  Adept x4  
  45  6:37  Probe x2  
  45  6:41  Archon  
  45  6:43  Immortal  
  49  6:56  Probe  
  49  6:57  Probe  
  49  6:59  Dark Templar  
  49  7:00  Dark Templar  
  55  7:03  Dark Templar  
  55  7:06  Adept  
  55  7:08  Archon x2  
  59  7:13  Charge  
  59  7:17  Pylon  
  59  7:23  Gateway  
  59  7:27  Gateway  
  59  7:29  Gateway  
  59  7:30  Probe x2  
  59  7:31  Observer, Gateway  
  59  7:32  Gateway  
  59  7:35  Gateway  
  59  7:36  Gateway  
  62  7:42  Probe x2  
  54  8:03  Warp Prism  
  36  8:32  Dark Templar  
  36  8:33  Dark Templar x3  
  38  8:40  Probe x2  
  40  8:43  Archon  
  40  8:44  Archon  
  40  8:46  Immortal  
  44  8:55  Zealot x2  
  48  8:56  Sentry  
  48  9:00  Probe x2  
  52  9:10  Assimilator  
  52  9:16  Zealot x2  
  56  9:18  Probe  
  56  9:19  Probe  
  58  9:31  Immortal  
  62  9:46  Dark Templar x2  
  62  9:48  Sentry  
  62  9:50  Archon  
  62  9:51  Probe x2  
  70  10:03  Probe  
  70  10:04  Probe  
  72  10:13  Dark Templar  
  72  10:14  Dark Templar  
  76  10:16  Probe x2  
  77  11:06  Pylon  
  77  11:07  Pylon, Archon  
  77  11:09  Pylon  
  77  11:24  Immortal  
  81  11:28  Nexus  
  81  11:34  Dark Templar x2  
  81  11:38  Archon  
  85  11:42  Probe x2  
  83  11:54  Probe  
  78  12:11  Dark Templar x3  
  84  12:16  Archon  
  84  12:19  Dark Templar  
  86  12:22  Archon  
  86  12:24  Sentry  
Tags
 
Add a new tag
Caveats
  • Supply blocks, unpowered buildings, or Contaminate may cause inaccurate times.
  • Supply counts are checked every 10 seconds.